 Dungeon Crawl Stone Soup version 0.24-a0-284-g9fb9971df1 (webtiles) character file.

Game seed: 12787977772793521569

80 HAL9000 the Vexing (level 4, 0/21 HPs)
             Began as a Vine Stalker Enchanter on May 4, 2019.
             Slain by a worker ant (5 damage)
             ... on level 4 of the Dungeon.
             The game lasted 00:04:40 (2802 turns).

HAL9000 the Vexing (Vine Stalker Enchanter)         Turns: 2802, Time: 00:04:41

Health: 0/21       AC:  2    Str: 11    XL:     4   Next: 39%
Magic:  0/8        EV: 12    Int: 15    God:
Gold:   152        SH:  0    Dex: 15    Spells: 1/7 levels left

rFire    . . .     SeeInvis .   a - +1 dagger
rCold    . . .     Gourm    .   (no shield)
rNeg     . . .     Faith    .   b - +0 robe
rPois    .         Spirit   +   (no helmet)
rElec    .         Reflect  .   (no cloak)
rCorr    .         Harm     .   (no gloves)
MR       +....                  (no boots)
Stlth    ++........             (no amulet)
HPRegen  0.47/turn              f - ring of protection from magic
MPRegen  0.11/turn              (no ring)

@: lethally poisoned (0 -> 0)
A: fangs 2, regeneration 1, magic shield, antimagic bite, no potion heal 3, rot
immunity
a: no special abilities


You were on level 4 of the Dungeon.
You were not hungry.

You visited 1 branch of the dungeon, and saw 6 of its levels.

You collected 152 gold pieces.

Inventory:

Hand Weapons
 a - a +1 dagger (weapon)
Missiles
 m - 5 tomahawks (quivered)
Armour
 b - a +0 robe (worn)
Jewellery
 f - a ring of protection from magic (left hand)
Scrolls
 c - a scroll of teleportation {unknown}
 g - 3 scrolls of identify {unknown}
 h - 2 scrolls of amnesia {unknown}
 i - 2 scrolls of enchant weapon {unknown}
 j - 2 scrolls of blinking {unknown}
Potions
 e - a potion of ambrosia {unknown}
 k - a potion of haste {unknown}
Comestibles
 d - 4 rations


   Skills:
 + Level 2.0 Short Blades
 - Level 1.5 Dodging
 - Level 3.6 Stealth
 - Level 2.1 Spellcasting
 + Level 4.5 Hexes


You had one spell level left.
You knew the following spells:

 Your Spells              Type           Power        Failure   Level  Hunger
a - Corona                Hex            ###....      3%          1    #......
b - Ensorcelled Hibernat  Hex/Ice        #.....       13%         2    ###....
c - Confuse               Hex            ###.....     10%         3    ###....

Your spell library contained the following spells:

 Spells                   Type           Power        Failure   Level  Hunger
 Tukima's Dance           Hex            ###.....     10%         3    ###....
 Dazzling Spray           Conj/Hex       #.....       26%         3    ###....


Dungeon Overview and Level Annotations

Branches:
Dungeon (6/15)
 Temple: D:4-7

Altars:
Fedhas


Innate Abilities, Weirdness & Mutations

You have extremely sharp teeth.
Your natural rate of healing is unusually fast.
When hurt, damage is shared between your health and your magic reserves.
Your bite disrupts and absorbs the magic of your enemies.
Potions cannot restore your health.
You are immune to rotting.


Message History

* * * LOW HITPOINT WARNING * * *
Unknown command.
The worker ant misses you. The worker ant barely misses you.
The worker ant bites you.
* * * LOW HITPOINT WARNING * * *
The worker ant bites you.
* * * LOW HITPOINT WARNING * * *
You are poisoned.
The worker ant poisons you!
Found a stone staircase leading up.
You feel sick.
You feel sick.
You feel sick.
The worker ant bites you but does no damage.
You feel sick. The worker ant misses you.
All of the chunks of flesh in your inventory have rotted away.
You feel sick. The worker ant bites you!
You die...

.. #...<..#....
..#.........#.. ## . #..
.......... ..#. ..##..
#...#..#####.... .....
##..........<..#
#..##.............#
.....#................##
...# #................##
##...# #..#..#.#@##......###
.. #.###..#..##.a###.......#
..##...............o.....>..
...#........................
#....#......................
.....#.>...##.............^.
...#.[#..)..................
...#)###........##...#......
.....# #....................


You could see a worker ant.

Vanquished Creatures
  3 adders
  A dart slug (D:3)
  A leopard gecko (D:2)
  5 orcs
  8 bats
  3 goblins
  5 hobgoblins
  6 kobolds
  2 quokkas
  A ball python (D:1)
  3 frilled lizards
  6 rats
44 creatures vanquished.

Notes
Turn   | Place    | Note
-------+----------+-------------------------------------------
     0 | D:1      | HAL9000 the Vine Stalker Enchanter began the quest for the
                  | Orb.
     0 | D:1      | Reached XP level 1. HP: 9/9 MP: 4/4
   370 | D:1      | Reached XP level 2. HP: 11/13 MP: 4/6
   623 | D:1      | Reached skill level 1 in Short Blades
   857 | D:2      | Reached skill level 4 in Hexes
   857 | D:2      | Reached XP level 3. HP: 16/16 MP: 7/7
   861 | D:2      | Learned a level 2 spell: Ensorcelled Hibernation
   865 | D:2      | Learned a level 3 spell: Confuse
  1347 | D:2      | Found a faded altar of an unknown god.
  2173 | D:3      | Gained mutation: Your natural rate of healing is unusually
                  | fast. [Vine Stalker growth]
  2173 | D:3      | Reached XP level 4. HP: 21/21 MP: 8/8
  2187 | D:3      | Found a blossoming altar of Fedhas.
  2389 | D:3      | You fall through a shaft for 3 floors!
  2439 | D:6      | Noticed an ogre
  2445 | D:5      | Entered Level 5 of the Dungeon
  2802 | D:4      | Slain by a worker ant

Levels and vault maps discovered:
D:1:      dpeg_arrival_renting, layout_basic, minmay_pentomino_w2
D:2:      layout_loops_corners, chequers_ecumenical_altar_simple
D:3:      layout_basic, overflow_temple_1_default, first_ration,
          nrook_mini_backslash
D:4:      layout_cave_pools, lemuel_coloured_pillars_altar
D:5:      layout_loops_ring, minmay_bent
D:6:      layout_basic, kennysheep_little_box, okawaru_metal_pillars_3,
          minmay_temple_entry_tees, uniq_eustachio

Skill      XL: |  1  2  3  4 |
---------------+-------------+-----
Short Blades   | 1 2 |  2.0
Hexes          | 4 |  4.5
Dodging        | |  1.5
Stealth        | |  3.6
Spellcasting   | |  2.1

Action                   |  1- 3 |  4- 6 || total
-------------------------+-------+-------++-------
Melee: Dagger            |    85 |    56 ||   141
       Bite              |     9 |    18 ||    27
 Cast: Corona            |     7 |       ||     7
       Ensorcelled Hiber |     2 |     4 ||     6
       Confuse           |       |     1 ||     1
  Use: Potion            |     2 |       ||     2
 Stab: Sleeping          |     9 |     3 ||    12
  Eat: Chunk             |     4 |     3 ||     7
Armor: Robe              |    15 |     6 ||    21
Dodge: Dodged            |    46 |    34 ||    80

Table legend:
 A = Non-vault XP
 B = Vault XP
 C = Vault XP percentage of total XP
 D = Non-vault monster count
 E = Vault monster count
 F = Vault count percentage of total count
                 A         B        C        D         E       F
            +---------+---------+-------+---------+---------+-------
      Total |     112 |       3 |   2.6 |      42 |       2 |   4.5
            +---------+---------+-------+---------+---------+-------
        D:1 |      17 |       3 |  15.0 |      11 |       2 |  15.4
        D:2 |      38 |       0 |   0.0 |      15 |       0 |   0.0
        D:3 |      46 |       0 |   0.0 |      12 |       0 |   0.0
        D:4 |      11 |       0 |   0.0 |       4 |       0 |   0.0
            +---------+---------+-------+---------+---------+-------
